 Dungeon Crawl Stone Soup version 0.18.1-50-g88ac8fd (webtiles) character file.

173 thewizardguy the Skirmisher (level 5, -4/48 HPs)
             Began as a Minotaur Berserker on Oct 2, 2016.
             Was a Priest of Trog.
             Slain by an orc
             ... wielding a +0 trident
              (7 damage)
             ... on level 4 of the Dungeon on Oct 3, 2016.
             The game lasted 00:13:18 (2218 turns).

thewizardguy the Skirmisher (Minotaur Berserker)    Turns: 2218, Time: 00:13:19

Health: -4/48      AC:  4    Str: 22 (23) XL:     5   Next: 28%
Magic:  4/4        EV: 13    Int:  3 (4)  God:    Trog [***...]
Gold:   136        SH:  0    Dex: 10 (11) Spells: 0 memorised, 4 levels left

rFire  . . .     SeeInvis .     n - +2 hand axe (elec)
rCold  . . .     Gourm    .     b - +1 animal skin
rNeg   . . .     Faith    .     (no shield)
rPois  .         Spirit   .     (helmet restricted)
rElec  .         Dismiss  .     (no cloak)
rCorr  .         Reflect  .     (no gloves)
SustAt .         Harm     .     i - +0 pair of boots
MR     ++...                    (no amulet)
Stlth  +.........               (no ring)
                                h - +2 ring of dexterity

@: regenerating, very resistant to hostile enchantments, very unstealthy
A: retaliatory headbutt, horns 2
a: Berserk, Trog's Hand, Burn Spellbooks, Renounce Religion


You were on level 4 of the Dungeon.
You worshipped Trog.
Trog was most pleased with you.
You were very hungry.

You visited 1 branch of the dungeon, and saw 4 of its levels.

You collected 136 gold pieces.

Inventory:

Hand Weapons
 a - a +0 hand axe
 g - a cursed +0 mace
 n - a +2 hand axe of electrocution (weapon)
 t - a +2 mace of crushing
Armour
 b - a +1 animal skin (worn)
 i - a +0 pair of boots (worn)
Jewellery
 h - a +2 ring of dexterity (left hand)
Scrolls
 e - 7 scrolls of identify
 j - 3 scrolls of magic mapping
 l - a scroll of enchant armour
 o - 5 scrolls of remove curse
 u - a scroll of blinking
Potions
 f - 2 potions of degeneration
 k - 2 potions of curing
Comestibles
 c - 6 bread rations
 d - 5 fruits
 m - 2 beef jerkies
 p - 3 meat rations
 r - a royal jelly


   Skills:
 + Level 5.3 Fighting
 + Level 4.7 Axes
 + Level 2.6 Armour
 + Level 3.8 Dodging
 + Level 0.3 Stealth


You had 4 spell levels left.
You didn't know any spells.

Dungeon Overview and Level Annotations

Branches:
Dungeon (4/15)             Temple (0/1) D:4

Altars:
Fedhas
Makhleb
Vehumet
Zin

Annotations:
D:4 Menkaure


Innate Abilities, Weirdness & Mutations

You reflexively headbutt those who attack you in melee.
You have a pair of horns on your head.


Message History

The orc closely misses you. Menkaure hits you!
* * * LOW HITPOINT WARNING * * *
You're too hungry to go berserk.
The orc priest hits you but does no damage.
You slash the orc!
You kill the orc!
Trog accepts your kill.
You hit the orc priest.
The orc priest is heavily wounded.
The orc priest misses you. You furiously retaliate!
You headbutt the orc priest! The orc hits you but does no damage.
You hit Menkaure.
There is a sudden explosion of sparks!
Menkaure is almost destroyed.
You closely miss the orc priest.
The orc priest is almost dead.
The orc priest hits you with a whip.
* * * LOW HITPOINT WARNING * * *
Menkaure closely misses you. You furiously retaliate!
You headbutt Menkaure.
The orc hits you from afar with a trident!
You die...

#..............#
##.<...........#
#.............##
##..#...........#
###..####........##
#..### ####....##
..## ##...## #####
.## ###..##......
## ##@Mo...... #
##o...?...
.........
#(?.......
#.........
##.#....... #
#..#....... ## #..
....... .### #.#


You could see Menkaure, an orc priest and an orc.

Vanquished Creatures
  An orc priest (D:3)
  An orc wizard (D:3)
  An adder (D:2)
  3 oozes
  An adder skeleton (D:4)
  2 dart slugs (D:4)
  11 orcs
  16 bats
  4 giant cockroaches
  5 goblins
  5 hobgoblins
  9 jackals
  8 kobolds
  A quokka (D:3)
  3 giant newts
  5 rats
76 creatures vanquished.

Notes
Turn   | Place    | Note
--------------------------------------------------------------
     0 | D:1      | thewizardguy the Minotaur Berserker began the quest for the Orb.
     0 | D:1      | Reached XP level 1. HP: 19/19 MP: 0/0
   186 | D:1      | Reached XP level 2. HP: 18/27 MP: 1/1
   216 | D:1      | Reached skill level 4 in Fighting
   679 | D:1      | Reached ** piety under Trog
   722 | D:2      | Reached XP level 3. HP: 31/33 MP: 2/2
   879 | D:2      | Found a radiant altar of Vehumet.
   979 | D:2      | Found a burning altar of Makhleb.
  1148 | D:3      | Reached XP level 4. HP: 41/41 MP: 3/3
  1196 | D:3      | Reached skill level 5 in Fighting
  1306 | D:3      | Reached *** piety under Trog
  1310 | D:3      | Reached XP level 5. HP: 30/48 MP: 4/4
  1903 | D:4      | Found a staircase to the Ecumenical Temple.
  2059 | D:4      | Found a glowing silver altar of Zin.
  2059 | D:4      | Found a blossoming altar of Fedhas.
  2208 | D:4      | Noticed Menkaure
  2218 | D:4      | Slain by an orc

Skill      XL: |  1  2  3  4 |
---------------+-------------+-----
Fighting       | 4 5 |  5.3
Axes           | 4 |  4.7
Dodging        | 3 |  3.8
Armour         | |  2.6
Stealth        | |  0.3

Action                   |  1- 3 |  4- 6 || total
-------------------------+-------+-------++-------
Melee: Hand axe          |    65 |    52 ||   117
       Headbutt          |    13 |     5 ||    18
       Mace              |       |     3 ||     3
Invok: Trog's Hand       |     1 |     1 ||     2
  Use: Scroll            |     5 |     2 ||     7
       Potion            |     5 |     2 ||     7
  Eat: Chunk             |       |     4 ||     4
Armor: Animal skin       |     9 |    11 ||    20
Dodge: Dodged            |    42 |    53 ||    95
